TOP OF THE 1ST |
Havana Rollers batting - Pitching for Blueville 83's : LHP Fernando Reyes
|
Pitching: LHP Fernando Reyes
|
|
Batting: LHB Jimmy Husted
|
0-0: Foul Ball, location: 2F 0-1: Foul Ball, location: 2F 0-2: Ball 1-2: Ball 2-2: Ball 3-2: Strikes out swinging
|
Batting: RHB Francisco Rincón
|
0-0: Foul Ball, location: 2F 0-1: Ground out 4-3 (Groundball, 4)
|
Batting: LHB Wilson Allen
|
0-0: Ball 1-0: Called Strike 1-1: Foul Ball, location: 2F 1-2: Strikes out swinging
|
Top of the 1st over - 0 run(s), 0 hit(s), 0 error(s), 0 left on base; Havana 0 - Blueville 0 |
BOTTOM OF THE 1ST |
Blueville 83's batting - Pitching for Havana Rollers : LHP Dave Miller
|
Pitching: LHP Dave Miller
|
|
Batting: RHB Juan Costello
|
0-0: Ball 1-0: Bunt for hit - play at first, batter safe!
|
Batting: RHB Gernot Renner
|
0-0: Ball 1-0: Called Strike 1-1: Ball 2-1: Called Strike Juan Costello steals 2nd base 2-2: Ground out 5-3 (Groundball, 56)
|
Batting: RHB Bryce Hester
|
0-0: Called Strike 0-1: Ball 1-1: Ball 2-1: Fly out, F8 (Flyball, 8RS)
|
Batting: LHB Ricardo Romero
|
0-0: Ball 1-0: Ball 2-0: Foul Ball, location: 2F 2-1: Foul Ball, location: 2F 2-2: Foul Ball, location: 2F 2-2: Ground out 5-3 (Groundball, 5S)
|
Bottom of the 1st over - 0 run(s), 1 hit(s), 0 error(s), 1 left on base; Havana 0 - Blueville 0 |
TOP OF THE 2ND |
Havana Rollers batting - Pitching for Blueville 83's : LHP Fernando Reyes
|
Batting: RHB Jack Bailey
|
0-0: Ball 1-0: Ball 2-0: Reached on error, E5 (Groundball, 5S)
|
Batting: LHB Enrique Cortéz
|
0-0: Called Strike 0-1: DOUBLE (Line Drive, 89XD) Jack Bailey to third Runner from 3rd tries for Home, SAFE, throw made home
|
Batting: RHB Salvador Borbón
|
0-0: Ball 1-0: Ball 2-0: Foul Ball, location: 2F 2-1: Ball 3-1: Base on Balls
|
Batting: LHB Gyu-sik Yi
|
0-0: Ball 1-0: Ball 2-0: Ball 3-0: Called Strike 3-1: Reached on error, E1 (Groundball, 15S) Enrique Cortéz to third Salvador Borbón to second
|
Batting: RHB Victor Andrews
|
0-0: Ball 1-0: Grounds into double play, 6-4-3 (Groundball, 56) Enrique Cortéz scores Salvador Borbón to third
|
Batting: LHB José Torres
|
0-0: SINGLE (Line Drive, 9LS) Salvador Borbón scores
|
Batting: LHB Jimmy Husted
|
0-0: Foul Ball, location: 2F 0-1: Foul Ball, location: 2F 0-2: Ball José Torres steals 2nd base 1-2: Ground out 6-3 (Groundball, 6)
|
Top of the 2nd over - 3 run(s), 2 hit(s), 2 error(s), 1 left on base; Havana 3 - Blueville 0 |
BOTTOM OF THE 2ND |
Blueville 83's batting - Pitching for Havana Rollers : LHP Dave Miller
|
Batting: RHB Jorge Sáenz
|
0-0: Called Strike 0-1: Ball 1-1: Ball 2-1: Ball 3-1: Called Strike 3-2: Strikes out looking
|
Batting: LHB Robbie McLaughlin
|
0-0: Foul Ball, location: 2F 0-1: Ball 1-1: Ball 2-1: Ground out 6-3 (Groundball, 6)
|
Batting: RHB Kuniaki Kawashima
|
0-0: Ball 1-0: Called Strike 1-1: SINGLE (Groundball, 56D)
|
Batting: RHB Fernando Díaz
|
0-0: Called Strike 0-1: Swinging Strike 0-2: Strikes out looking
|
Bottom of the 2nd over - 0 run(s), 1 hit(s), 0 error(s), 1 left on base; Havana 3 - Blueville 0 |
TOP OF THE 3RD |
Havana Rollers batting - Pitching for Blueville 83's : LHP Fernando Reyes
|
Batting: RHB Francisco Rincón
|
0-0: Ball 1-0: Called Strike 1-1: Called Strike 1-2: DOUBLE (Flyball, 9M)
|
Batting: LHB Wilson Allen
|
0-0: Foul Ball, location: 2F 0-1: Ball 1-1: Ball 2-1: Ground out 4-3 (Groundball, 4) Francisco Rincón to third
|
Batting: RHB Jack Bailey
|
0-0: SINGLE (Groundball, 56) Francisco Rincón scores
|
Batting: LHB Enrique Cortéz
|
0-0: Ball 1-0: Grounds into double play, 4-6-3 (Groundball, 4)
|
Top of the 3rd over - 1 run(s), 2 hit(s), 0 error(s), 0 left on base; Havana 4 - Blueville 0 |
BOTTOM OF THE 3RD |
Blueville 83's batting - Pitching for Havana Rollers : LHP Dave Miller
|
Batting: LHB Cristóbal Cintrón
|
0-0: Ball 1-0: Ball 2-0: Foul Ball, location: 2F 2-1: Foul Ball, location: 2F 2-2: Ball 3-2: Foul Ball, location: 2F 3-2: Fly out, F6 (Line Drive, 6)
|
Batting: RHB Juan Costello
|
0-0: Ball 1-0: Called Strike 1-1: Swinging Strike 1-2: Ball 2-2: Ball 3-2: Foul Ball, location: 2F 3-2: Strikes out swinging
|
Batting: RHB Gernot Renner
|
0-0: Called Strike 0-1: Foul Ball, location: 2F 0-2: Ground out 6-3 (Groundball, 6)
|
Bottom of the 3rd over - 0 run(s), 0 hit(s), 0 error(s), 0 left on base; Havana 4 - Blueville 0 |
TOP OF THE 4TH |
Havana Rollers batting - Pitching for Blueville 83's : LHP Fernando Reyes
|
Batting: RHB Salvador Borbón
|
0-0: Called Strike 0-1: Swinging Strike 0-2: Strikes out looking
|
Batting: LHB Gyu-sik Yi
|
0-0: Called Strike 0-1: Ground out U3 (Groundball, 3S)
|
Batting: RHB Victor Andrews
|
0-0: Ball 1-0: DOUBLE (Line Drive, 7LS)
|
Batting: LHB José Torres
|
0-0: Called Strike 0-1: Foul Ball, location: 2F 0-2: Ball 1-2: Ball 2-2: Ball 3-2: Base on Balls
|
Batting: LHB Jimmy Husted
|
0-0: Ball 1-0: Ball 2-0: Called Strike 2-1: Swinging Strike 2-2: Ball 3-2: Strikes out swinging
|
Top of the 4th over - 0 run(s), 1 hit(s), 0 error(s), 2 left on base; Havana 4 - Blueville 0 |
BOTTOM OF THE 4TH |
Blueville 83's batting - Pitching for Havana Rollers : LHP Dave Miller
|
Batting: RHB Bryce Hester
|
0-0: Ball 1-0: Called Strike 1-1: Fly out, F7 (Flyball, 78S)
|
Batting: LHB Ricardo Romero
|
0-0: Ball 1-0: Foul Ball, location: 2F 1-1: Ball 2-1: Swinging Strike 2-2: Strikes out swinging
|
Batting: RHB Jorge Sáenz
|
0-0: Foul Ball, location: 2F 0-1: Ball 1-1: Ball 2-1: Ball 3-1: Foul Ball, location: 2F 3-2: Fly out, F8 (Flyball, 8LD)
|
Bottom of the 4th over - 0 run(s), 0 hit(s), 0 error(s), 0 left on base; Havana 4 - Blueville 0 |
TOP OF THE 5TH |
Havana Rollers batting - Pitching for Blueville 83's : LHP Fernando Reyes
|
Batting: RHB Francisco Rincón
|
0-0: Ground out 5-3 (Groundball, 5)
|
Batting: LHB Wilson Allen
|
0-0: Ball 1-0: Ball 2-0: SOLO HOME RUN (Flyball, 8RXD), Distance : 440 ft
|
Batting: RHB Jack Bailey
|
0-0: Called Strike 0-1: Ball 1-1: Ball 2-1: Ball 3-1: Called Strike 3-2: Foul Ball, location: 2F 3-2: Fly out, F8 (Flyball, 8LM)
|
Batting: LHB Enrique Cortéz
|
0-0: SINGLE (Line Drive, 7S)
|
Batting: RHB Salvador Borbón
|
0-0: Called Strike 0-1: Ball 1-1: Ball 2-1: Foul Ball, location: 2F 2-2: Foul Ball, location: 2F 2-2: Ball 3-2: Foul Ball, location: 2F 3-2: Base on Balls Enrique Cortéz to second
|
Pitching: LHP Salvador Castro
|
|
Batting: LHB Gyu-sik Yi
|
0-0: Ball 1-0: Ball 2-0: Foul Ball, location: 2F 2-1: Ball 3-1: SINGLE (Line Drive, 8LS) Enrique Cortéz to third Salvador Borbón to second Runner from 3rd tries for Home, SAFE, no throw or cutoff
|
Batting: RHB Victor Andrews
|
0-0: Foul Ball, location: 2F 0-1: Fly out, F9 (Flyball, 9M)
|
Top of the 5th over - 2 run(s), 3 hit(s), 0 error(s), 2 left on base; Havana 6 - Blueville 0 |
BOTTOM OF THE 5TH |
Blueville 83's batting - Pitching for Havana Rollers : LHP Dave Miller
|
Batting: LHB Robbie McLaughlin
|
0-0: Ball 1-0: Swinging Strike 1-1: Ball 2-1: Ball 3-1: Foul Ball, location: 2F 3-2: Foul Ball, location: 2F 3-2: SINGLE (Line Drive, 34D)
|
Batting: RHB Kuniaki Kawashima
|
0-0: Called Strike 0-1: Ball 1-1: Ball 2-1: Foul Ball, location: 2F 2-2: Ball 3-2: DOUBLE (Line Drive, 78M) Robbie McLaughlin to third
|
Batting: RHB Fernando Díaz
|
0-0: Called Strike 0-1: Called Strike 0-2: Ball 1-2: SINGLE (Groundball, 25) (infield hit)
|
Batting: LHB Cristóbal Cintrón
|
0-0: Ball 1-0: Foul Ball, location: 2F 1-1: Foul Ball, location: 2F 1-2: Foul Ball, location: 2F 1-2: Ball 2-2: Ball 3-2: Fly out, F4 (Line Drive, 4) 3-2: Lined into DP, 4-5 (Line Drive, 4)
|
Batting: RHB Juan Costello
|
0-0: Ball 1-0: Ball 2-0: Called Strike 2-1: Swinging Strike 2-2: Ball 3-2: Foul Ball, location: 2F 3-2: Foul Ball, location: 2F 3-2: SINGLE (Groundball, 4M) Kuniaki Kawashima to third Fernando Díaz to second Kuniaki Kawashima scores Fernando Díaz to third
|
Pitching: RHP Ramiro Piña
|
|
Batting: RHB Gernot Renner
|
0-0: Ball 1-0: Ball 2-0: Fly out, F4 (Popup, 4MD)
|
Bottom of the 5th over - 1 run(s), 4 hit(s), 0 error(s), 2 left on base; Havana 6 - Blueville 1 |
TOP OF THE 6TH |
Havana Rollers batting - Pitching for Blueville 83's : LHP Salvador Castro
|
Batting: LHB José Torres
|
0-0: Ball 1-0: Called Strike 1-1: Called Strike 1-2: Ball 2-2: Strikes out looking
|
Batting: LHB Jimmy Husted
|
0-0: Called Strike 0-1: Swinging Strike 0-2: Ball 1-2: Ball 2-2: Ball 3-2: Fly out, F4 (Popup, 4M)
|
Batting: RHB Francisco Rincón
|
0-0: Foul Ball, location: 2F 0-1: Foul Ball, location: 2F 0-2: Ball 1-2: Ball 2-2: Ball 3-2: Foul Ball, location: 2F 3-2: Foul Ball, location: 2F 3-2: Strikes out swinging
|
Top of the 6th over - 0 run(s), 0 hit(s), 0 error(s), 0 left on base; Havana 6 - Blueville 1 |
BOTTOM OF THE 6TH |
Blueville 83's batting - Pitching for Havana Rollers : RHP Ramiro Piña
|
Batting: RHB Bryce Hester
|
0-0: Foul Ball, location: 2F 0-1: Ball 1-1: Swinging Strike 1-2: Ball 2-2: Strikes out swinging
|
Batting: LHB Ricardo Romero
|
0-0: Called Strike 0-1: Ball 1-1: Fly out, F7 (Flyball, 7LD)
|
Batting: RHB Jorge Sáenz
|
0-0: Ball 1-0: Called Strike 1-1: Called Strike 1-2: Ball 2-2: Foul Ball, location: 2F 2-2: Strikes out swinging
|
Bottom of the 6th over - 0 run(s), 0 hit(s), 0 error(s), 0 left on base; Havana 6 - Blueville 1 |
TOP OF THE 7TH |
Havana Rollers batting - Pitching for Blueville 83's : LHP Salvador Castro
|
Batting: LHB Wilson Allen
|
0-0: Ball 1-0: Swinging Strike 1-1: Ball 2-1: Ball 3-1: Foul Ball, location: 2F 3-2: Reached on error, E3 (Groundball, 3)
|
Batting: RHB Jack Bailey
|
0-0: Ball 1-0: Foul Ball, location: 2F 1-1: Foul Ball, location: 2F 1-2: Strikes out looking
|
Batting: LHB Enrique Cortéz
|
0-0: Called Strike 0-1: Swinging Strike 0-2: Ball 1-2: Strikes out swinging
|
Batting: RHB Salvador Borbón
|
0-0: Foul Ball, location: 2F 0-1: Ball 1-1: Ball 2-1: Foul Ball, location: 2F 2-2: Ground out 5-3 (Groundball, 56)
|
Top of the 7th over - 0 run(s), 0 hit(s), 1 error(s), 1 left on base; Havana 6 - Blueville 1 |
BOTTOM OF THE 7TH |
Blueville 83's batting - Pitching for Havana Rollers : RHP Ramiro Piña
|
Batting: LHB Robbie McLaughlin
|
0-0: Ball 1-0: Ball 2-0: Foul Ball, location: 2F 2-1: Ball 3-1: Base on Balls
|
Batting: RHB Kuniaki Kawashima
|
0-0: Ball 1-0: Called Strike 1-1: Ball 2-1: Grounds into double play, 6-4-3 (Groundball, 6)
|
Batting: RHB Fernando Díaz
|
0-0: Ground out 5-3 (Groundball, 56)
|
Bottom of the 7th over - 0 run(s), 0 hit(s), 0 error(s), 0 left on base; Havana 6 - Blueville 1 |
TOP OF THE 8TH |
Havana Rollers batting - Pitching for Blueville 83's : LHP Salvador Castro
|
Batting: LHB Gyu-sik Yi
|
0-0: Ball 1-0: Ball 2-0: Foul Ball, location: 2F 2-1: DOUBLE (Flyball, 89XD)
|
Pitching: RHP Félix Medina
|
|
Batting: RHB Victor Andrews
|
0-0: Called Strike 0-1: Ball 1-1: Fly out, F7 (Flyball, 7M)
|
Batting: LHB José Torres
|
0-0: Ball 1-0: Foul Ball, location: 2F 1-1: Foul Ball, location: 2F 1-2: Ball 2-2: DOUBLE (Line Drive, 89M) Gyu-sik Yi scores
|
Batting: LHB Jimmy Husted
|
0-0: Foul Ball, location: 2F 0-1: Ball 1-1: Ball 2-1: Swinging Strike 2-2: Strikes out looking
|
Batting: RHB Francisco Rincón
|
0-0: Ball 1-0: Called Strike 1-1: Foul Ball, location: 2F 1-2: Foul Ball, location: 2F 1-2: Foul Ball, location: 2F 1-2: Ground out 5-3 (Groundball, 56)
|
Top of the 8th over - 1 run(s), 2 hit(s), 0 error(s), 1 left on base; Havana 7 - Blueville 1 |
BOTTOM OF THE 8TH |
Blueville 83's batting - Pitching for Havana Rollers : RHP Ramiro Piña
|
Pitching: RHP Charlie Alexander
|
|
Batting: LHB Cristóbal Cintrón
|
0-0: Foul Ball, location: 2F 0-1: Called Strike 0-2: Ball 1-2: Ball 2-2: Foul Ball, location: 2F 2-2: Fly out, F5 (Popup, 6)
|
Batting: RHB Juan Costello
|
0-0: Ball 1-0: Ball 2-0: Ball 3-0: Called Strike 3-1: Foul Ball, location: 2F 3-2: Strikes out swinging
|
Batting: RHB Gernot Renner
|
0-0: Ball 1-0: Swinging Strike 1-1: Foul Ball, location: 2F 1-2: Foul Ball, location: 2F 1-2: Foul Ball, location: 2F 1-2: Ball 2-2: DOUBLE (Line Drive, 78XD)
|
Batting: RHB Bryce Hester
|
0-0: SINGLE (Groundball, 3D) Gernot Renner to third Runner from 3rd tries for Home, SAFE, throw made home Bryce Hester to second
|
Batting: LHB Ricardo Romero
|
0-0: Foul Ball, location: 2F 0-1: Swinging Strike 0-2: Foul Ball, location: 2F 0-2: Ball 1-2: Foul Ball, location: 2F 1-2: 2-RUN HOME RUN (Flyball, 7LD), Distance : 343 ft
|
Batting: RHB Jorge Sáenz
|
0-0: Called Strike 0-1: Foul Ball, location: 2F 0-2: Foul Ball, location: 2F 0-2: Foul Ball, location: 2F 0-2: Ball 1-2: Ball 2-2: Fly out, F9 (Flyball, 9S)
|
Bottom of the 8th over - 3 run(s), 3 hit(s), 0 error(s), 0 left on base; Havana 7 - Blueville 4 |
TOP OF THE 9TH |
Havana Rollers batting - Pitching for Blueville 83's : RHP Félix Medina
|
Batting: LHB Wilson Allen
|
0-0: Called Strike 0-1: Called Strike 0-2: Ball 1-2: Strikes out swinging
|
Batting: RHB Jack Bailey
|
0-0: Called Strike 0-1: Called Strike 0-2: Ball 1-2: Strikes out swinging
|
Batting: LHB Enrique Cortéz
|
0-0: Ball 1-0: Foul Ball, location: 2F 1-1: Foul Ball, location: 2F 1-2: SOLO HOME RUN (Flyball, 9D), Distance : 394 ft
|
Batting: RHB Salvador Borbón
|
0-0: DOUBLE (Line Drive, 7D)
|
Batting: LHB Gyu-sik Yi
|
0-0: Called Strike 0-1: Foul Ball, location: 2F 0-2: Foul Ball, location: 2F 0-2: Ball 1-2: Foul Ball, location: 2F 1-2: Ground out 4-3 (Groundball, 4MS)
|
Top of the 9th over - 1 run(s), 2 hit(s), 0 error(s), 1 left on base; Havana 8 - Blueville 4 |
BOTTOM OF THE 9TH |
Blueville 83's batting - Pitching for Havana Rollers : RHP Charlie Alexander
|
Pitching: RHP Alejandro Pérez
|
|
Batting: LHB Robbie McLaughlin
|
0-0: Called Strike 0-1: Foul Ball, location: 2F 0-2: Ball 1-2: Foul Ball, location: 2F 1-2: Ball 2-2: Ground out 5-3 (Groundball, 5L)
|
Batting: RHB Kuniaki Kawashima
|
0-0: Ball 1-0: Called Strike 1-1: SINGLE (Line Drive, 7S)
|
Batting: RHB Fernando Díaz
|
0-0: Ball 1-0: Ball 2-0: Ball 3-0: Base on Balls Kuniaki Kawashima to second
|
Pitching: RHP Augusto Muñíz
|
|
Batting: LHB Cristóbal Cintrón
|
0-0: Ball Wild Pitch! Kuniaki Kawashima to third Fernando Díaz to second 1-0: Foul Ball, location: 2F 1-1: Foul Ball, location: 2F 1-2: Foul Ball, location: 2F 1-2: Ground out 6-3 (Groundball, 6) Kuniaki Kawashima scores
|
Batting: RHB Juan Costello
|
0-0: Called Strike 0-1: Ball 1-1: Ball 2-1: Swinging Strike 2-2: Foul Ball, location: 2F 2-2: Strikes out looking
|
Bottom of the 9th over - 1 run(s), 1 hit(s), 0 error(s), 1 left on base; Havana 8 - Blueville 5 |
|